Cogmind - Beta 12 @@@ ROGUE MODE // 2023.11.16 @ 21:02:43 Player: ButtBot Result: Destroyed by YI-UF0 with YI-UF0's Doublenader Performance ------------- Evolutions (0) 0 Regions Visited (2) 400 Robots Destroyed (22) 110 Value Destroyed (531) 531 Prototype IDs (0) 0 Alien Tech Used (0) 0 Bonus (0) 0 TOTAL SCORE: 1041 Bonus ------- None Cogmind --------- Core Integrity 0/250 Matter 300/300 Energy 90/100 System Corruption 0% Temperature Hot (214) Movement Core (150) Ox2 Location -10/Mines Parts ------- > --- POWER (1) -------- (None) > --- PROPULSION (2) --- (None) > --- UTILITY (2) ------ Small Storage Unit Signal Interpreter > --- WEAPON (2) ------- Particle Gun > --- INVENTORY (8) ---- Ion Engine Aluminum Leg Aluminum Leg Improved Heat Sink Medium Matter Pod (100) Targeting Computer Light Armor Plating Small Laser Peak State ------------ > --- POWER ------------ Light Nuclear Core > --- PROPULSION ------- Aluminum Leg Aluminum Leg > --- UTILITY ---------- Small Storage Unit Signal Interpreter > --- WEAPON ----------- Particle Gun Light Assault Rifle > --- INVENTORY -------- Ion Engine Aluminum Leg Aluminum Leg Improved Heat Sink Medium Matter Pod Targeting Computer Light Armor Plating Small Laser [Rating: 11] Favorites ----------- Power Ion Engine Engine Ion Engine Power Core Light Nuclear Core Propulsion Aluminum Leg Treads Light Treads Leg Aluminum Leg Utility Small Storage Unit Storage Small Storage Unit Processor Signal Interpreter Protection Light Armor Plating Weapon Light Assault Rifle Energy Gun Particle Gun Ballistic Gun Light Assault Rifle Build | -11 -10 -10 ------- Run | Jun Mat Min Slots Evolved . | . . . Power . | . . . Propulsion . | . . . Utility . | . . . Weapon . | . . . Parts Attached 21 | 6 5 10 Power 3 | 1 1 1 Engine 2 | 1 1 . Core 1 | . . 1 Reactor . | . . . Propulsion 8 | 2 . 6 Treads 2 | 2 . . Leg 6 | . . 6 Wheel . | . . . Hover . | . . . Flight . | . . . Utility 4 | 1 2 1 Device . | . . . Storage 2 | 1 1 . Processor 1 | . . 1 Hackware . | . . . Protection 1 | . 1 . Artifact . | . . . Weapon 6 | 2 2 2 Energy Gun 3 | 1 1 1 Energy Cannon . | . . . Ballistic Gun 3 | 1 1 1 Ballistic Cannon . | . . . Launcher . | . . . Special Weapon . | . . . Impact Weapon . | . . . Slashing Weapon . | . . . Piercing Weapon . | . . . Special Melee Weapon . | . . . Unidentified Prototypes . | . . . Parts Lost 8 | . 3 5 Power 2 | . 1 1 Propulsion 3 | . . 3 Utility . | . . . Weapon 3 | . 2 1 Highest Loss Streak 4 | . 2 4 To Critical Strikes . | . . . Average Slot Usage (%) 99 | . 98 99 Engine 10 | . 13 8 Core 3 | . . 5 Treads 11 | . 28 . Leg 16 | . . 26 Storage 18 | . 25 14 Processor 6 | . . 10 Protection 3 | . 2 3 Energy Gun 12 | . 10 14 Ballistic Gun 14 | . 16 13 Naked Turns . | . . . Heaviest Build 17 | 13 15 17 Greatest Support 40 | 40 40 20 Greatest Overweight (x) . | . . . Average Overweight (x) . | . . . Largest Inventory Capacity 8 | 8 8 8 Average Capacity 7 | 6 8 8 Most Carried 8 | 6 8 8 Average Carried 7 | 3 7 7 Final Capacity 8 | 8 8 8 Final Carried 8 | 6 8 8 Class Distribution -------------------- 78% | Mutant 21% | Scavenger-Mutant Dominant Class ---------------- Mutant | -10/Materials Mutant | -10/Mines Resources | -11 -10 -10 ----------- Run | Jun Mat Min Matter Collected 618 | 222 287 109 Remotely . | . . . Salvage Created 740 | . 381 359 Parts 51 | . 24 27 Haulers Intercepted 1 | . 1 . Recyclers Shooed . | . . . Parts Field Recycled . | . . . Retrieved Matter . | . . . Parts Self-Destructed . | . . . Prevented . | . . . Kills | -11 -10 -10 ------- Run | Jun Mat Min Combat Hostiles Destroyed 20 | . 10 10 Guns 20 | . 10 10 Classes Destroyed 4 | . 3 1 Hauler 1 | . 1 . Recycler 1 | . . 1 Swarmer 9 | . 3 6 Grunt 11 | . 7 4 Best Kill Streak 5 | . 5 3 Combat Bots Only 4 | . 4 3 Max Kills in Single Turn 1 | . 1 1 Gunslinging . | . . . Exploded . | . . . Melee . | . . . Uniques/NPCs Destroyed . | . . . Combat | -11 -10 -10 -------- Run | Jun Mat Min Damage Taken 1370 | . 484 886 Core 259 | . 21 238 Absorbed by Shields . | . . . Core Remaining (%) 100 | 100 . . Volleys Fired 75 | . 39 36 Largest 2 | . 2 2 Hottest 85 | . 60 85 Shots Fired 135 | . 70 65 Gun 135 | . 70 65 Cannon . | . . . Launcher . | . . . Special . | . . . Kinetic 81 | . 52 29 Thermal 54 | . 18 36 Explosive . | . . . Electromagnetic . | . . . Robot Hit Streak 24 | . 24 9 Robot Miss Streak 4 | . 3 4 Penetration Max . | . . . Secondary Targets 3 | . 2 1 Max Gunslinging Chain 1 | . 1 1 Shots Hit Robots 88 | . 50 38 Core Hits 41 | . 20 21 Critical Kills 1 | . . 1 Critical Parts Destroyed . | . . . Critical Strikes 1 | . . 1 Destroy 1 | . . 1 Melee Attacks . | . . . Impact . | . . . Slashing . | . . . Piercing . | . . . Sneak Attacks . | . . . Combat Hostiles . | . . . Follow-up Attacks . | . . . Damage Inflicted 1016 | 9 520 487 Guns 972 | . 518 454 Cannons . | . . . Explosions . | . . . Melee . | . . . Ramming 44 | 9 2 33 Kinetic 489 | . 376 113 Thermal 483 | . 142 341 Explosive . | . . . Electromagnetic . | . . . Impact . | . . . Slashing . | . . . Piercing . | . . . Highest Corruption . | . . . Average Corruption . | . . . Corruption Purged . | . . . Corruption Blocked . | . . . Overload Shots . | . . . Overflow Damage . | . . . Projectiles . | . . . Explosions . | . . . Melee . | . . . Knockbacks . | . . . Impact . | . . . Kinetic . | . . . Secondary . | . . . Self-Inflicted Damage . | . . . Shots . | . . . Rammed 3 | 1 2 . Targets Rammed 8 | 1 2 5 Kicked 5 | . . 5 Crushed . | . . . Highest Temperature 214 | . 39 214 Average Temperature 67 | . 16 93 Received Heat Transfer 360 | . 213 147 Siege Activations . | . . . Robots Corrupted . | . . . Combat Hostiles . | . . . Parts Fried . | . . . Impact Corruptions . | . . . Robots Melted . | . . . Combat Hostiles . | . . . Parts Melted 2 | . 1 1 Heat Transferred 1129 | . 325 804 Parts Sabotaged . | . . . Parts Stolen . | . . . Parts Stripped . | . . . Power Chain Reactions . | . . . Missiles Intercepted . | . . . Alert | -11 -10 -10 ------- Run | Jun Mat Min Peak Influence 200 | . 176 200 Initial 35 | . . 35 Average 89 | . 87 102 Maximum Alert Level 1 | . . 1 Low Security (%) 96 | 100 100 93 Level 1 3 | . . 6 Level 2 . | . . . Level 3 . | . . . Level 4 . | . . . Level 5 . | . . . High Security . | . . . Max Security . | . . . Squads Dispatched 2 | . 2 . Investigation . | . . . Extermination . | . . . Reinforcement 2 | . 2 . Assault . | . . . Garrison . | . . . Intercept . | . . . Searches Triggered . | . . . Construction Impeded . | . . . Haulers Reinforced . | . . . Active Scanning Responses . | . . . Cargo Convoy Interrupts . | . . . Stealth | -11 -10 -10 --------- Run | Jun Mat Min Distress Signals 3 | . 1 2 Communications Jammed . | . . . Distress Signals . | . . . Times Spotted 26 | . 13 13 Peak Tracking Total 3 | . 3 3 Tactical Retreats 1 | . . 1 Traps | -11 -10 -10 ------- Run | Jun Mat Min Traps Triggered . | . . . Indirectly . | . . . Trap Hack Attempts . | . . . Triggered . | . . . Disarmed . | . . . Reprogrammed . | . . . Reused . | . . . Traps Extracted . | . . . Installed . | . . . Triggered . | . . . Machines | -11 -10 -10 ---------- Run | Jun Mat Min Machines Disabled 2 | . . 2 Max in Single Turn 1 | . . 1 Machines Repaired . | . . . Machines Sabotaged . | . . . Overloaded Fab Kills . | . . . Hacking | -11 -10 -10 --------- Run | Jun Mat Min Machines Accessed 1 | . 1 . Terminals 1 | . 1 . Fabricators . | . . . Repair Stations . | . . . Recycling Units . | . . . Scanalyzers . | . . . Garrison Access . | . . . Total Hacks 2 | . 2 . Successful 1 | . 1 . Failed 1 | . 1 . Catastrophic . | . . . Database Lockouts . | . . . Manual . | . . . Terminals 2 | . 2 . Fabricators . | . . . Repair Stations . | . . . Recycling Units . | . . . Scanalyzers . | . . . Garrison Access . | . . . Terminal Hacks 1 | . 1 . Hauler Manifests 1 | . 1 . Fabricator Hacks . | . . . Repair Station Hacks . | . . . Recycling Unit Hacks . | . . . Scanalyzer . | . . . Garrison Access Hacks . | . . . Unauthorized Hacks . | . . . Terminals . | . . . Fabricators . | . . . Repair Stations . | . . . Recycling Units . | . . . Scanalyzers . | . . . Garrison Access . | . . . Data Cores Recovered . | . . . Used . | . . . Hacking Detections 1 | . 1 . Full Trace Events . | . . . Feedback Events . | . . . Feedback Blocked . | . . . Robot Schematics Acquired . | . . . Robots Built . | . . . Authchips . | . . . Time . | . . . Total Robot Build Rating . | . . . Part Schematics Acquired . | . . . Parts Built . | . . . Authchips . | . . . Time . | . . . Total Part Build Rating . | . . . Parts Repaired . | . . . Time . | . . . Parts Recycled . | . . . Recycled Matter . | . . . Retrieved Matter . | . . . Retrieved Components . | . . . Parts Scanalyzed . | . . . Part Schematics Acquired . | . . . Parts Damaged . | . . . Bothacking | -11 -10 -10 ------------ Run | Jun Mat Min Used RIF Installer . | . . . Robots Hacked . | . . . Non-combat . | . . . Combat . | . . . Robot Hacks Applied . | . . . Relay Couplers Released . | . . . Fabnet Peak Effective % . | . . . Robots Rewired . | . . . Allies Hacked . | . . . Hacks Repelled . | . . . Allies | -11 -10 -10 -------- Run | Jun Mat Min Total Allies . | . . . Largest Group . | . . . Highest-Rated Group . | . . . Highest-Rated Ally . | . . . Total Orders . | . . . Ally Attacks . | . . . Total Damage . | . . . Kills . | . . . Allies Corrupted . | . . . Allies Melted . | . . . Intel | -11 -10 -10 ------- Run | Jun Mat Min Robot Analysis Total . | . . . Derelict Logs Recovered . | . . . Drone Launches . | . . . Drone Recoveries . | . . . Exploration | -11 -10 -10 ------------- Run | Jun Mat Min Turns Passed 1445 | 101 535 809 Spaces Moved 870 | 56 243 571 Core 4 | 4 . . Treads 295 | 52 243 . Legs 571 | . . 571 Wheels . | . . . Hover . | . . . Flight . | . . . Fastest Speed 50 | 50 160 120 Average Speed 133 | 152 160 120 Slowest Speed 160 | 160 160 120 Overloaded Moves . | . . . Propulsion Burnouts . | . . . Robots Hopped . | . . . Cave-ins Triggered . | . . . Exploration Rate (%) 41 | 4 43 78 Regions Visited 2 Branch Regions 1 Pre-discovered Areas . | . . . Known Exits Taken . | . . . Unknown Exits Taken 2 | 1 1 . Scrap Searched . | . . . Spaces Dug . | . . . Terrain Destroyed . | . . . Melee . | . . . Projectile . | . . . AOE . | . . . Terrain Rammed . | . . . Walls Destroyed . | . . . Machines Disabled . | . . . Actions | -11 -10 -10 --------- Run | Jun Mat Min Total 1030 | 68 321 641 Wait 29 | . 28 1 Move 869 | 56 242 571 Hop . | . . . Pick Up 15 | 6 3 6 Fast Attach 10 | 6 4 . Attach 3 | . 1 2 Detach 1 | . 1 . Swap 8 | . . 8 Drop 13 | . 1 12 Fire 75 | . 39 36 Melee . | . . . Ram . | . . . Kick 5 | . . 5 Crush 2 | . 2 . Escape Stasis . | . . . Rewire . | . . . Trap . | . . . Miscellaneous . | . . . Route ------- -11/Junkyard -10/Materials -10/Mines (discovered 2 exits: *Mat x2) History --------- Turn | Location | Event 14 | -11/Junkyard | Discovered new exit (range 15) 102 | -11/Junkyard | Entered Materials 301 | -10/Materials | Build established: Mutant 449 | -10/Materials | Discovered new exit (range 8) 637 | -10/Materials | Entered Mines 812 | -10/Mines | Discovered new exit (range 3) 866 | -10/Mines | Identified exit to Materials 1219 | -10/Mines | Discovered exit to Materials (range 9) 1437 | -10/Mines | Core integrity fell below 50% 1441 | -10/Mines | Core integrity fell below 20% 1444 | -10/Mines | Build established: Scavenger-Mutant 1446 | -10/Mines | Destroyed by YI-UF0 with YI-UF0's Doublenader Last Messages --------------- 01368_ U-05 Engineer lays Concrete. 01369_ U-05 Engineer builds a Wall. 01373_ U-05 Engineer lays Concrete. 01378_ U-05 Engineer builds a Wall. 01388_ U-05 Engineer lays Concrete. 01390_ U-05 Engineer builds a Wall. 01394_ U-05 Engineer lays Concrete. 01397_ U-05 Engineer builds a Wall. 01406_ U-05 Engineer lays Concrete. 01407_ U-05 Engineer builds a Wall. 01412_ U-05 Engineer lays Concrete. 01432_ Lgt. Assault Rifle destroyed. 01437_ YI-UF0 mumbles something. 01439_ The unstable cave ceiling collapses. 01444_ Lgt. Nuclear Core destroyed. 01444_ Aluminum Leg destroyed. 01445_ YI-UF0 mumbles something. 01445_ The unstable cave ceiling collapses. 01445_ U-05 Engineer builds a Wall. 01446_ The unstable cave ceiling collapses. Map ----- +----------------------------------------------------+ | # ######???????#######????# #?????????""" | | # #??????## ##???# #????? | | # ### ### ######## #???# #??????? #????? | | # #### ##?# ##??# #???????????#?? | | ######??####### ### #### #??????????? ?? | | ##???????????# #?## ## #??????????? ?? | | ##??????????# #??## # #??????????? ?? | | #??#######?# #???## # #???????????# ? | | #?## ### #????## # #???????????# ? | | # ### ##????#### ## #???????????# ? | | ## #???????## ## #???????????# ? | | ### #???????## # #???????????# ? | | # ## # ##???????# #???????????# ? | | #=# ##### ##??????# ####???????????# ? | | ##%## ##?######??????# ##??????????????# # | | ?# # #?? #??????????# ##?##????????????# | | ?# # # ##?? ######?????# ## ?????????????## | | # ##### #?##### #####?## ???????????????# | | =% ### # ?### ????????????????# | | ## #### ## * # ##???????????????# | | ??? # # %= % #???????????????# | | ?# ## ### = ##u #???????????????# | | ??? #?### ?## # # #???????????????# | | ??? ???? ??# # # # #????????????????# | | ???##????##?#### #????????????????# | | ???????????????# # # @ k#????????????????# | | ???????????????### * ??????????# | | ???????????????# #### #?????????## | | ???????????????# g #?????????????????# | | ???????????????# #????????????????# # | | ???????????????## #????????????????# # | | ????????????????#### ##### #????????????????# # | | ???????????????????# ##???? #?????????????#### # | | ???????????????????# ##???? ??????????#### # | | ???????????????????# = ##??? ????????## | | ???????????????????# # #????#????????# ! | | ????????????????#### ###????????????# | | ???????????????## #????????????## | | ??????????????## ##????????????# ## | | ?????????????## ##??????????## ### | | ?????????????# #??????????# #?? | | ?????????????# ### #?????????# ##? | | ?????????????## ###??# #????????# ## | | ??????????????# ##?????# #????????# ! # | | ?????????????# #???????# ##?# ##### ! # | | ????????????# ##????????###??# # | | ????????????# #???????????????# ! ## | | ????????????## #????????????????########### ###? | | ?????????????###???????????????????????????####??? | | ?????????????????????????????????????????????????? | +----------------------------------------------------+ Best States ------------- Heat Dissipation 25 Energy Generation 14 Energy Capacity 250 Matter Stores 364 Matter Capacity 400 Sight Range 16 Terrain Scan Density 10 Armor Coverage 150 Evasion (%) 55 Recoil Reduction 2 Item Schematics ----------------- None Robot Schematics ------------------ None Fabricated ------------ Nothing Alien Tech Used ----------------- None Achievements -------------- None Challenges ------------ None Game ------ Seed ColdBiometalVibroblade Manual? 0 Play Time 00:11:20 Cumulative 14.2 hours Start 2023.11.16 @ 20:52:29 End 2023.11.16 @ 21:02:43 Sessions 1 Manual Loads 0 Difficulty Rogue Special Mode None Game No. 20 Rogue 20 Adventurer 0 Explorer 0 Win Type - Total 0 Types 0/0/0/0/0/0/0/0/0 Lore% 19 Gallery% 18 Achievement% 16 Wizard Run 0 Options --------- ASCII 0 Keyboard 1 Movement Vi Keybinds 0 Fullscreen 1 Font 24/Smallcaps Map View 183x50 Tactical HUD 1 Map Filters NONE Filters NONE Steam 1 RUN: ac46d687-fa11-41d1-b127-1fede8840a8a